 Dungeon Sprint DCSS version 0.25.1-2-g60ff931df9 (webtiles) character file.

Game seed: 4863817567619653479

12623 Garessta the Brawler (level 11, -2/127 HPs)
             Began as a Troll Berserker on Oct 15, 2020.
             Was an Elder of Trog.
             Slain by a frost giant
             ... wielding a +0 battleaxe of freezing
              (18 damage)
             ... in the Dungeon (Sprint IX: "|||||||||||||||||||||||||||||").
             The game lasted 00:12:45 (1563 turns).

Garessta the Brawler (Troll Berserker)              Turns: 1563, Time: 00:12:46

Health: -2/127     AC: 13    Str: 30    XL:     11   Next: 64%
Magic:  10/10      EV: 13    Int:  3    God:    Trog [****..]
Gold:   1070       SH:  0    Dex:  9    Spells: 10/10 levels left

rFire    + + .     SeeInvis +     - Unarmed
rCold    x . .     Gourm    +   (no shield)
rNeg     . . .     Faith    .   u - +1 fire dragon scales
rPois    .         Spirit   .   (helmet restricted)
rElec    .         Reflect  .   (no cloak)
rCorr    .         Harm     .   (gloves unavailable)
MR       +++..     NoTele   +   (boots unavailable)
Stlth    ..........             (no amulet)
HPRegen  1.71/turn              w - ring of see invisible
MPRegen  0.12/turn              a - ring of protection from magic

@: berserk cooldown, regenerating, slowed, very slow
A: large, unfitting armour, claws 3, fast metabolism 3, gourmand, regeneration
1, shaggy fur 1, tough skin 3
a: Berserk, Trog's Hand, Brothers in Arms, Renounce Religion


You were in the Dungeon.
You worshipped Trog.
Trog was greatly pleased with you.
You were not hungry.

You visited 1 branch You collected 1941 gold pieces.
You spent 871 gold pieces at shops.

Inventory:

Missiles
 m - 7 silver boomerangs (quivered)
Armour
 u - +1 fire dragon scales (worn)
 x - a +1 tower shield
Jewellery
 a - a ring of protection from magic (right claw)
 w - a ring of see invisible (left claw)
Scrolls
 h - 5 scrolls of blinking
 i - 4 scrolls of remove curse
 o - 2 scrolls of fear
 p - a scroll of fog
 q - 3 scrolls of identify
Potions
 c - 7 potions of curing
 d - 7 potions of heal wounds
 e - 2 potions of haste
 f - 4 potions of magic
 g - a potion of invisibility
 n - a potion of flight
Comestibles
 b - 13 rations


   Skills:
 - Level 13.6 Fighting
 - Level 13.6 Dodging
 + Level 8.4 Shields
 - Level 15.7 Unarmed Combat


You had 10 spell levels left.
You didn't know any spells.
Your spell library was empty.

Dungeon Overview and Level Annotations

Branches:
Dungeon (1/1)

Altars:
Cheibriados
Dithmenos
Elyvilon
Fedhas
Gozag
Hepliaklqana
Kikubaaqudgha
Makhleb
Nemelex Xobeh
Okawaru
Qazlal
Ru
Sif Muna
Trog
Uskayaw
Vehumet
Wu Jian
Xom
Yredelemnul
Zin
The Shining One
Beogh
Jiyva
Lugonu

Shops:
D :[[[


Innate Abilities, Weirdness & Mutations

You are too large for most types of armour.
You have claws for hands.
Your metabolism is lightning-fast.
You like to eat raw meat.
Your natural rate of healing is unusually fast.
You are covered in fur. (AC +1)
You have extremely tough skin. (AC +3)


Message History

You feel resistant to hostile enchantments.
The stone giant hits you but does no damage.
The stone giant hits you.
The wind drake begins repelling missiles!
You claw the stone giant!
The stone giant is almost dead.
The stone giant misses you.
You mangle the stone giant!!
You kill the stone giant!
Trog accepts your kill.
Your Shields skill increases to level 8!
The wind drake flaps its wings at you. The air twists around and strikes you!
You eviscerate the frost giant!!!
The frost giant is moderately wounded.
The wind drake changes into a fire crab!
The frost giant hits you with a +0 battleaxe of freezing!!!
* * * LOW HITPOINT WARNING * * *
The frost giant freezes you!!
You die...

▓(▓.▓.▓)▓.▓.▓_▓
▓.▓.▓.▓.▓.▓.▓_▓
▓)▓.▓.▓.▓.▓.▓_▓
▓.▓.▓)▓.▓.▓.▓_▓
▓=▓.▓)▓.▓†▓.▓'▓
▓(▓.▓.▓.▓†▓.▓.▓
▓.▓.▓.▓.▓†▓.▓?▓
▓(▓.▓.▓.▓÷▓.▓|▓
▓@▓.▓.▓.▓.▓.▓)▓
▓C▓.▓∩▓.▓÷▓.▓[▓
▓c▓.▓.▓.▓.▓.▓[▓
▓D▓.▓∩▓.▓.▓.▓[▓
▓.▓.▓)▓.▓.▓.▓.▓
▓t▓.▓∩▓.▓)▓.▓.▓
▓C▓.▓)▓.▓.▓.▓'▓
▓.▓.▓∩▓.▓(▓.▓)▓
▓.▓.▓.▓.▓.▓.▓†▓


You could see a frost giant, an ice dragon, an ettin, a centaur warrior and a
fire crab shaped shifter.

Vanquished Creatures
  A stone giant (D)
  A two-headed ogre (D)
  3 orc high priests (D)
  3 orc knights (D)
  A cyclops (D)
  Joseph (D)
  A spiny frog (D)
  2 rime drakes (D)
  A komodo dragon (D)
  A hippogriff (D)
  A yak (D)
  A vampire mosquito (D)
  A soldier ant (D)
  3 water moccasins (D)
  2 black bears (D)
  6 orc warriors (D)
  An ogre (D)
  A crocodile (D)
  A bullfrog (D)
  A scorpion (D)
  A hound (D)
  9 orc priests (D)
  3 orc wizards (D)
  A gnoll (D)
  2 adders (D)
  An ooze (D)
  A dart slug (D)
  4 orcs (D)
  A bat skeleton (D)
  3 frilled lizards (D)
  A giant cockroach zombie (D)
  A quokka zombie (D)
61 creatures vanquished.

Vanquished Creatures (collateral kills)
  A stone giant (D)
  A death knight (D)
  3 orc high priests (D)
  A skeletal warrior (D)
  2 orc knights (D)
  An orc sorcerer (D)
  A cyclops (D)
  Maurice (D)
  A spiny frog (D)
  A komodo dragon (D)
  A troll (D)
  5 polar bears (D)
  A shadow (D)
  A vampire (D)
  A basilisk (D)
  4 orc warriors (D)
  2 black bears (D)
  2 crocodiles (D)
  2 bullfrogs (D)
  A crimson imp (D)
  2 orc priests (D)
  An orc wizard (D)
  An orc (D)
37 creatures vanquished.

Grand Total: 98 creatures vanquished

Notes
Turn   | Place    | Note
-------+----------+-------------------------------------------
     0 | D        | Garessta the Troll Berserker began the quest for the Orb.
     0 | D        | Reached XP level 1. HP: 22/22 MP: 0/0
    11 | D        | Reached ** piety under Trog
    14 | D        | Reached XP level 2. HP: 30/31 MP: 1/1
    27 | D        | Noticed an ogre
    29 | D        | Reached skill level 4 in Unarmed Combat
    31 | D        | Reached *** piety under Trog
    49 | D        | Killed an ogre
    49 | D        | Reached skill level 5 in Dodging
    49 | D        | Reached skill level 6 in Unarmed Combat
    49 | D        | Reached XP level 3. HP: 27/41 MP: 2/2
    49 | D        | Reached XP level 4. HP: 33/49 MP: 3/3
    50 | D        | Reached skill level 5 in Fighting
   105 | D        | Found a roughly hewn altar of Beogh.
   105 | D        | Found a snail-covered altar of Cheibriados.
   105 | D        | Found a shadowy altar of Dithmenos.
   105 | D        | Found a white marble altar of Elyvilon.
   105 | D        | Found a blossoming altar of Fedhas.
   105 | D        | Found an opulent altar of Gozag.
   106 | D        | Found a hazy altar of Hepliaklqana.
   107 | D        | Found a viscous altar of Jiyva.
   108 | D        | Found an ancient bone altar of Kikubaaqudgha.
   109 | D        | Found a corrupted altar of Lugonu.
   110 | D        | Found a burning altar of Makhleb.
   111 | D        | Found a sparkling altar of Nemelex Xobeh.
   112 | D        | Found an iron altar of Okawaru.
   113 | D        | Found a stormy altar of Qazlal.
   114 | D        | Found a sacrificial altar of Ru.
   115 | D        | Found a shimmering blue altar of Sif Muna.
   116 | D        | Found a bloodstained altar of Trog.
   117 | D        | Found a hide-covered altar of Uskayaw.
   118 | D        | Found a radiant altar of Vehumet.
   119 | D        | Found an ornate altar of the Wu Jian Council.
   120 | D        | Found a shimmering altar of Xom.
   121 | D        | Found a basalt altar of Yredelemnul.
   122 | D        | Found a glowing silver altar of Zin.
   123 | D        | Found a glowing golden altar of the Shining One.
   147 | D        | Noticed an orc warrior
   147 | D        | Noticed a soldier ant
   152 | D        | Killed an orc warrior
   152 | D        | Reached **** piety under Trog
   152 | D        | Reached skill level 7 in Unarmed Combat
   152 | D        | Reached XP level 5. HP: 49/59 MP: 4/4
   165 | D        | Reached ***** piety under Trog
   165 | D        | Reached skill level 8 in Unarmed Combat
   165 | D        | Reached XP level 6. HP: 46/68 MP: 5/5
   174 | D        | Killed a soldier ant
   249 | D        | Noticed a skeletal warrior
   249 | D        | Noticed a cyclops
   249 | D        | Noticed a shadow
   249 | D        | Noticed a vampire
   253 | D        | Killed a skeletal warrior
   253 | D        | Reached skill level 9 in Unarmed Combat
   253 | D        | Reached XP level 7. HP: 70/81 MP: 6/6
   256 | D        | Reached skill level 10 in Unarmed Combat
   258 | D        | Killed a cyclops
   262 | D        | Killed a shadow
   262 | D        | Reached XP level 8. HP: 87/92 MP: 7/7
   380 | D        | Noticed a spiny frog
   380 | D        | Noticed a hippogriff
   388 | D        | Killed a spiny frog
   394 | D        | Received a gift from Trog
   394 | D        | Reached skill level 11 in Unarmed Combat
   397 | D        | Killed a hippogriff
   412 | D        | Reached skill level 10 in Fighting
   412 | D        | Reached skill level 10 in Dodging
   486 | D        | Noticed a komodo dragon
   486 | D        | Noticed a rime drake
   486 | D        | Noticed a spiny frog
   496 | D        | Killed a komodo dragon
   496 | D        | Reached skill level 12 in Unarmed Combat
   496 | D        | Reached XP level 9. HP: 102/102 MP: 8/8
   500 | D        | Noticed a komodo dragon
   503 | D        | Noticed a rime drake
   512 | D        | Killed a rime drake
   515 | D        | Killed a spiny frog
   517 | D        | Received a gift from Trog
   520 | D        | Killed a komodo dragon
   523 | D        | Killed a rime drake
   523 | D        | Reached skill level 13 in Unarmed Combat
   610 | D        | Noticed a polar bear
   610 | D        | Noticed a polar bear
   610 | D        | Noticed a polar bear
   615 | D        | Noticed a polar bear
   622 | D        | Killed a polar bear
   622 | D        | Killed a polar bear
   624 | D        | Killed a polar bear
   627 | D        | Killed a polar bear
   628 | D        | Reached XP level 10. HP: 62/114 MP: 9/9
   787 | D        | Noticed Maurice
   795 | D        | Killed Maurice
   851 | D        | Received a gift from Trog
   859 | D        | Noticed an orc knight
   868 | D        | Reached ****** piety under Trog
   869 | D        | Received a gift from Trog
   872 | D        | Killed an orc knight
   912 | D        | Noticed an orc knight
   912 | D        | Noticed an orc sorcerer
   915 | D        | Noticed a sun demon
   919 | D        | Killed an orc knight
   919 | D        | Reached skill level 14 in Unarmed Combat
   920 | D        | Noticed an orc knight
   921 | D        | Killed an orc sorcerer
   935 | D        | Noticed an orc knight
   944 | D        | Killed an orc knight
   950 | D        | Killed an orc knight
  1072 | D        | Found Paedeg's Book Emporium.
  1072 | D        | Noticed an orc high priest
  1072 | D        | Noticed an orc high priest
  1072 | D        | Noticed an orc high priest
  1073 | D        | Noticed an orc high priest
  1077 | D        | Noticed an orc high priest
  1079 | D        | Killed an orc high priest
  1083 | D        | Killed an orc high priest
  1083 | D        | Received a gift from Trog
  1083 | D        | Reached skill level 15 in Unarmed Combat
  1083 | D        | Reached XP level 11. HP: 127/127 MP: 10/10
  1084 | D        | Noticed a soul eater
  1095 | D        | Killed an orc high priest
  1103 | D        | Noticed a sixfirhy
  1105 | D        | Killed an orc high priest
  1106 | D        | Killed an orc high priest
  1108 | D        | Found Vidorchuu's Armour Shoppe.
  1112 | D        | Found Nuddovar's Armour Emporium.
  1115 | D        | Found Tyixehas's Antique Armour Shoppe.
  1117 | D        | Noticed an orc high priest
  1128 | D        | Noticed a sun demon
  1133 | D        | Killed an orc high priest
  1264 | D        | Bought +1 fire dragon scales for 871 gold pieces
  1351 | D        | Noticed Joseph
  1359 | D        | Killed Joseph
  1517 | D        | Noticed a death knight
  1517 | D        | Noticed a two-headed ogre
  1523 | D        | Killed a death knight
  1523 | D        | Received a gift from Trog
  1528 | D        | Noticed an orc knight
  1530 | D        | Killed a two-headed ogre
  1538 | D        | Reached skill level 5 in Shields
  1543 | D        | Noticed a stone giant
  1547 | D        | Killed an orc knight
  1548 | D        | Noticed a stone giant
  1549 | D        | Noticed a frost giant
  1551 | D        | Noticed a centaur warrior
  1552 | D        | Noticed an ice dragon
  1552 | D        | Killed a stone giant
  1556 | D        | Noticed an ettin
  1562 | D        | Killed a stone giant
  1563 | D        | Noticed a fire crab
  1563 | D        | a wind drake changed into a fire crab
  1563 | D        | Slain by a frost giant

Illustrated notes

Levels and vault maps discovered:
D:        linesprint [early_d, line_temple, items_1, d_10, items_2, lair_1,
          lair_end, items_3, orc_1, orc_end, items_4, d_15, swamp_1, shoals_1,
          snake_1, spider_1, d_20, vaults_1, items_5, swamp_end, shoals_end,
          snake_end, spider_end, vaults_end, d_27, items_6, zot_1, zot_end,
          crypt_end, forest_end, elf_end, slime_end, tomb_end, abyss_end,
          pan_hell_end]

Skill      XL: |  1  2  3  4  5  6  7  8  9 10 11 |
---------------+----------------------------------+-----
Fighting       | 3 4 6 8 9 10 11 13 | 13.6
Dodging        | 3 5 6 8 9 10 11 13 | 13.6
Unarmed Combat | 6 7 8 9 10 12 13 15 | 15.7
Shields        | 8 |  8.4

Action                   |  1- 3 |  4- 6 |  7- 9 | 10-12 || total
-------------------------+-------+-------+-------+-------++-------
Melee: Unarmed           |    19 |    26 |    43 |    86 ||   174
       Punch             |       |     3 |     3 |     8 ||    14
Invok: Berserk           |     1 |       |     1 |     3 ||     5
       Brothers in Arms  |       |     1 |     5 |    12 ||    18
       Trog's Hand       |       |       |       |     3 ||     3
  Eat: Chunk             |     2 |     7 |     6 |    13 ||    28
Armor: Animal skin       |     2 |     3 |     9 |     7 ||    21
       Fire dragon scale |       |       |       |     2 ||     2
Dodge: Dodged            |     9 |    10 |    29 |    37 ||    85
